 Dungeon Crawl Stone Soup version 0.27.1-34-g3ba077fa99 (webtiles) character file.

Game seed: 781376112041623066

1 cbfl8 the Sneak (level 1, -1/19 HPs)
             Began as a Minotaur Delver on Jan 17, 2022.
             Killed by nerve-wracking pain
             ... invoked by Grinder
              (4 damage)
             ... while paralysed by Grinder
             ... on level 3 of the Dungeon.
             The game lasted 00:00:49 (157 turns).

cbfl8 the Sneak (Minotaur Delver)                    Turns: 157, Time: 00:00:50

Health: -1/19      AC:  4    Str: 16    XL:     1   Next: 16%
Magic:  0/0        EV:  2    Int:  7    God:
Gold:   11         SH:  0    Dex: 11    Spells: 0/0 levels left

rFire    . . .     SeeInvis .   a - +0 hand axe
rCold    . . .     Faith    .   (no shield)
rNeg     . . .     Spirit   .   b - +0 leather armour
rPois    .         Reflect  .   (helmet restricted)
rElec    .         Harm     .   h - +0 cloak
rCorr    .         Rampage  .   (no gloves)
Will     .....                  (no boots)
Stlth    ++........             (no amulet)
HPRegen  0.06/turn              (no ring)
MPRegen  0.07/turn              (no ring)

@: paralysed
A: horns 2, retaliatory headbutt
a: no special abilities


You were on level 3 of the Dungeon.
You visited 1 branch of the dungeon, and saw 3 of its levels.

You collected 11 gold pieces.

Inventory:

Hand Weapons
 a - a +0 hand axe (weapon)
Armour
 b - a +0 leather armour (worn)
 h - a +0 cloak (worn)
Wands
 g - a wand of digging (3)
Scrolls
 c - a scroll of fog
 d - a scroll of magic mapping
 e - a scroll of fear
 i - a scroll of blinking {unknown}
Potions
 f - a potion of haste


   Skills:
 + Level 3.6 Fighting
 + Level 2.4 Axes
 + Level 2.1 Dodging
 + Level 4.1 Stealth


You couldn't memorise any spells.
You didn't know any spells.
Your spell library was empty.

Dungeon Overview and Level Annotations

Branches:
Dungeon (5/15)
 Temple: D:4-7

Altars:

Annotations:
D:3 Grinder, Natasha


Innate Abilities, Weirdness & Mutations

You have a pair of horns on your head.
You reflexively headbutt those who attack you in melee.


Message History

The giant cockroach bites you but does no damage.
The giant cockroach splashes around in the water.
You hit the giant cockroach but do no damage.
The giant cockroach completely misses you.
You hit the giant cockroach.
You kill the giant cockroach!
You see here a giant cockroach corpse.
Grinder comes into view.
Grinder shouts!
You hear a shout!
Natasha, Servant of Life and Death comes into view.
Found 8 arrows.
Natasha moves out of view.
Natasha hisses angrily.
Grinder gestures at you.
You suddenly lose the ability to move!
Grinder gestures at you.
You shrug off the repeated paralysis!
You can move again.
Natasha mewls in sadness.
Natasha casts a spell at you. The magic dart hits you!
Grinder says, "There's only one good use for a tongue: cutting it out."
Unknown command.
Natasha stares at you and mumbles some strange words.
The magic dart hits you.
Grinder blinks!
Natasha howls an incantation.
You feel troubled.
Natasha mumbles some strange words.
Grinder gestures at you.
You struggle to resist.
Grinder gestures at you.
You suddenly lose the ability to move!
Grinder hits you.
* * * LOW HITPOINT WARNING * * *
You writhe in agony.
* * * LOW HITPOINT WARNING * * *
Natasha casts a spell.
Grinder gestures at you. Pain shoots through your body!
You die...

##.≈...≈≈≈≈≈.....# (..
#.≈≈≈...≈≈≈≈.....## ....
#.≈≈....≈≈≈≈......#####....
#........≈≈................
#.#.##.#########...........
#......# #...........
######.#########...........
#......5.h55..........
######@############### #.#
#.# #.# #.# #.# #.# #.#


You could see Grinder, Natasha and 2 crimson imps.

Vanquished Creatures
  A giant cockroach (D:3)
1 creature vanquished.

Notes
Turn   | Place    | Note
-------+----------+-------------------------------------------
     0 | D:5      | cbfl8 the Minotaur Delver began the quest for the Orb.
     0 | D:5      | Reached XP level 1. HP: 19/19 MP: 0/0
   142 | D:3      | Noticed Grinder
   143 | D:3      | Noticed Natasha
   144 | D:3      | Paralysed by Grinder for 2 turns
   151 | D:3      | Noticed a crimson imp
   154 | D:3      | Paralysed by Grinder for 4 turns
   157 | D:3      | Noticed a crimson imp
   157 | D:3      | Killed from afar by Grinder

Illustrated notes

Levels and vault maps discovered:
D:3:      layout_basic, ebering_ghost_rock_garden, lemuel_old_faithful,
          uniq_grinder, uniq_terence, uniq_natasha, uniq_jessica
D:4:      layout_cave_pods, kennysheep_orc_chapel
D:5:      gammafunk_steamed_eel, layout_loops_cross,
          mainiacjoe_overflow_concentric_impassable, uniq_crazy_yiuf_cottage,
          uniq_menkaure, uniq_pikel

Action                   || total
-------------------------++-------
Melee: Hand axe          ||     2
Armor: Leather armour    ||     1
Dodge: Dodged            ||     2
